 Dungeon Crawl Stone Soup version 0.32-a0-765-gfba4d74c8c (webtiles) character file.

Game seed: 16907774658421171769

185 Nattfarinn the Grave Robber (level 5, -10/47 HPs)
             Began as a Mountain Dwarf Necromancer on Mar 18, 2024.
             Engulfed by a cloud of flame (33 damage)
             ... on level 3 of the Dungeon.
             The game lasted 00:04:42 (2753 turns).

Nattfarinn the Grave Robber (MDNe)                  Turns: 2753, Time: 00:04:44

Health: -10/47     AC: 11    Str: 18    XL:     5   Next: 37%
Magic:  4/7        EV: 11    Int: 16    God:
Gold:   149        SH:  0    Dex: 10    Spells: 3/7 levels left

rFire   . . .        l - +0 whip (heavy)
rCold   . . .        (no shield)
rNeg    . . .        g - +0 chain mail
rPois   .            f - +2 hat
rElec   .            (no cloak)
rCorr   .            o - +0 pair of gloves
SInv    .            (no boots)
Will    .....        (no amulet) Stlth
                     k - +6 ring of strength
HPRegen 0.27/turn    d - +5 ring of evasion
MPRegen 0.10/turn

%: no passive effects
@: no status effects
A: runic magic, artefact enchanting
a: no special abilities


You were on level 3 of the Dungeon.
You visited 1 branch of the dungeon, and saw 3 of its levels.

You collected 149 gold pieces.

Inventory:

Hand Weapons
 c - a +0 great sword
 l - a +0 heavy whip (weapon)
 s - a +0 morningstar
Armour
 a - a +0 robe
 f - a +2 hat (worn)
 g - a +0 chain mail (worn)
 i - a +0 helmet
 o - a +0 pair of gloves (worn)
Jewellery
 d - a +5 ring of evasion (right hand)
 k - a +6 ring of strength (left hand)
Wands
 t - a wand of acid (6)
Scrolls
 e - a scroll of identify {unknown}
 m - 2 scrolls of teleportation {unknown}
 n - a scroll of immolation
 r - a scroll of noise {unknown}
Potions
 b - a potion of magic
 h - 2 potions of curing {unknown}
 j - a potion of degeneration {unknown}
 p - 2 potions of haste {unknown}
 q - 2 potions of heal wounds {unknown}


   Skills:
 * Level 4.5 Fighting
 - Level 1.3 Dodging
 - Level 1.4 Stealth
 - Level 1.7 Spellcasting
 + Level 5.5 Necromancy


You had 3 spell levels left.
You knew the following spells:

 Your Spells              Type           Power      Damage    Failure   Level
a - Necrotise             Necr           76%        1d7       3%          1
b - Vampiric Draining     Necr           19%        2d7       12%         3

Your spell library contained the following spells:

 Spells                   Type           Power      Damage    Failure   Level
 Kiss of Death            Conj/Necr      40%        2d8       12%         1
 Apportation              Tloc           2%         N/A       36%         1
 Jinxbite                 Hex            2%         N/A       50%         2
 Confusing Touch          Hex            1%         N/A       75%         3
 Animate Dead             Necr           19%        N/A       36%         4
 Dispel Undead            Necr           19%        3d11      36%         4
 Curse of Agony           Necr           19%        N/A       71%         5
 Alistair's Intoxication  Alch           0%         N/A       100%        5


Dungeon Overview and Level Annotations

Branches:
Dungeon (3/15)

Altars:
Elyvilon

Annotations:
D:3 Robin


Innate Abilities, Weirdness & Mutations

Your spellcasting is much less encumbered by armour.
You can use scrolls of enchantment on lesser artefacts.


Message History

You can't see any susceptible monsters within range! (Use Z to cast anyway.)
You can't see any susceptible monsters within range! (Use Z to cast anyway.)
A goblin and Ijyb come into view.
Ijyb is wielding a +0 club and carrying a wand of paralysis.
Ijyb shouts!
The adder writhes in agony.
A hobgoblin comes into view.
The adder writhes in agony.
The hobgoblin shouts!
You hear a shout!
A hobgoblin comes into view.
Robin of the Strong Arm comes into view.
They are wielding a +0 dagger.
The adder writhes in agony.
Robin shouts!
The hobgoblin shouts!
You hear a shout!
The adder misses you.
A goblin comes into view. It is wielding a +0 club.
Robin roars a battlecry!
The goblins go into a battle-frenzy!
The adder bites you but does no damage.
As you read the scroll of immolation, it crumbles to dust.
The creatures around you are filled with an inner flame!
The adder barely misses you.
Unknown command.
You barely miss the adder.
The adder is severely wounded.
The adder barely misses you. The adder bites you but does no damage.
Robin throws the goblin at you!
You whack the adder!
The adder explodes!
The fiery explosion engulfs you!!
Ouch! That really hurt!
The fiery explosion engulfs the goblin!!
The fiery explosion engulfs Ijyb!
Flame seeps out of Ijyb.
Ijyb is severely wounded.
The goblin explodes!
The fiery explosion engulfs Ijyb!!
The fiery explosion engulfs the hobgoblin!!!
The hobgoblin explodes!
Ijyb explodes!
You are engulfed in blazing flames.
Ouch! That really hurt!
You die...

#..:.#.# #..
#....#.# #..
#....#.# #..
#....#.####### #..
#....#.##....#####
#..................
#.....###....######
#?...g# #....#
###.@§# #....#
#.§§§§§....#
#.§○§§§...##
..§§§§§....
.......g...#.
........g......
.............
#.............


You could see Robin (inner flame), a hobgoblin (inner flame, strong) and a
goblin (inner flame, strong).

Vanquished Creatures
  Jessica (D:2)
  Ijyb (D:3)
  8 adders
  4 gnolls (D:3)
  A white imp (D:3)
  2 ribbon worms
  A dart slug (D:1)
  2 orcs
  3 ball pythons (D:2)
  2 bats
  2 endoplasms
  4 giant cockroaches
  2 goblins
  4 hobgoblins
  3 jackals (D:3)
  3 quokkas (D:1)
  A frilled lizard (D:1)
  3 kobolds
  4 rats
51 creatures vanquished.

Notes
Turn   | Place    | Note
-------+----------+-------------------------------------------
     0 | D:1      | Nattfarinn the Mountain Dwarf Necromancer began the quest
                  | for the Orb.
     0 | D:1      | Reached XP level 1. HP: 14/14 MP: 3/3
   296 | D:1      | Reached skill level 1 in Fighting
   544 | D:1      | Reached XP level 2. HP: 18/23 MP: 4/4
  1143 | D:2      | Reached XP level 3. HP: 30/30 MP: 1/5
  1365 | D:2      | Noticed Jessica
  1369 | D:2      | Killed Jessica
  1370 | D:2      | Reached skill level 5 in Necromancy
  1370 | D:2      | Reached XP level 4. HP: 38/38 MP: 1/6
  1477 | D:2      | Found a white marble altar of Elyvilon.
  1734 | D:2      | Learned a level 3 spell: Vampiric Draining
  2046 | D:3      | Reached XP level 5. HP: 44/46 MP: 2/7
  2747 | D:3      | Noticed Ijyb
  2749 | D:3      | Noticed Robin
  2753 | D:3      | Killed Ijyb
  2753 | D:3      | Engulfed by a cloud of flame

Illustrated notes

Levels and vault maps discovered:
D:1:      mainiacjoe_arrival_reflecting_pool, layout_basic, lemuel_flame_loot_1
D:2:      wander_river, layout_rooms, basic_altar, nrook_mini_backslash,
          uniq_jessica
D:3:      minmay_general_purpose_star, layout_basic, nicolae_goblin_pals

Skill      XL: |  1  2  3  4 |
---------------+-------------+-----
Fighting       | 1 2 3 4 |  4.5
Necromancy     | 5 |  5.5
Dodging        | |  1.3
Stealth        | |  1.4
Spellcasting   | |  1.7

Action                     |  1- 3 |  4- 6 || total
---------------------------+-------+-------++-------
  Melee: Great sword       |    36 |       ||    36
         Whip              |    19 |    10 ||    29
   Cast: Necrotise         |    27 |    51 ||    78
    Use: Scroll            |       |     5 ||     5
   Stab: Distracted        |       |     1 ||     1
 Armour: Chain mail        |    82 |    29 ||   111
  Dodge: Dodged            |    37 |    24 ||    61

Table legend: (Time is in decaauts)
 A = Elapsed time spent in this place.
 B = Non-inter-level travel time spent in this place.
 C = Inter-level travel time spent in this place.
 D = Time resting spent in this place.
 E = Time spent auto-exploring this place.
 F = Levels seen in this place.
 G = Mean time per level.
                   A        B        C        D        E       F      G
               +--------+--------+--------+--------+--------+-----+--------+
         Total |   2806 |   2732 |     74 |     87 |   2196 |   3 |  935.3 |
       Dungeon |   2806 |   2732 |     74 |     87 |   2196 |   3 |  935.3 |
               +--------+--------+--------+--------+--------+-----+--------+

Top non-repeatable levels by time:
     D:2: 996 daAuts
     D:1: 912 daAuts
     D:3: 898 daAuts
